 Dungeon Crawl Stone Soup version 0.28.0-47-ge53b351184 (webtiles) character file.

Game seed: 11478604394532771427

2806 issech the Basher (level 9, -1/87 HPs)
             Began as a Troll Fighter on May 3, 2022.
             Succumbed to a gnoll sergeant's poison
             ... on level 8 of the Dungeon.
             The game lasted 00:22:52 (7109 turns).

issech the Basher (Troll Fighter)                   Turns: 7109, Time: 00:22:53

Health: -1/87      AC:  5    Str: 32    XL:     9   Next: 44%
Magic:  8/8        EV:  8    Int:  4    God:
Gold:   472        SH: 13    Dex: 13    Spells: 8/8 levels left

rFire   . . .      SeeInvis .   a - +0 flail
rCold   . . .      Faith    .   H - +0 tower shield
rNeg    . . .      Spirit   .   b - +0 robe
rPois   .          Reflect  .   (helmet restricted)
rElec   .          Harm     .   t - +0 cloak
rCorr   .          Rampage  .   (gloves unavailable)
Will    .....                   (boots unavailable)
Stlth   ++........              E - amulet of magic regeneration
HPRegen 1.04/turn               i - +6 ring of strength
MPRegen 0.51/turn               k - +4 ring of slaying

@: lethally poisoned (-1 -> -8)
A: large, unfitting armour, claws 3, regeneration 1, shaggy fur 1, tough skin 1
a: no special abilities


You were on level 8 of the Dungeon.
You visited 2 branches of the dungeon, and saw 9 of its levels.

You collected 472 gold pieces.

Inventory:

Hand Weapons
 a - a +0 flail (weapon)
 j - a +0 dagger of speed
 l - a +2 scythe of protection
 s - a +2 quarterstaff of chaos
 v - a +0 war axe
 w - a +1 whip of freezing
 z - a +2 dagger of draining
 C - a +0 hand crossbow
 F - a +0 great mace
 K - a +0 hunting sling
Missiles
 e - 125 stones (quivered)
 f - 84 bolts
 o - 7 poisoned darts
 y - 97 arrows
Armour
 b - a +0 robe (worn)
 c - a +0 kite shield
 q - a +0 cloak
 t - a +0 cloak (worn)
 H - a +0 tower shield (worn)
Jewellery
 i - a +6 ring of strength (left claw)
 k - a +4 ring of slaying (right claw)
 E - an amulet of magic regeneration (around neck)
 G - a ring of see invisible
 M - a +6 ring of intelligence
Wands
 r - a wand of acid (9)
 u - a wand of flame (27)
Scrolls
 m - 2 scrolls of silence
 n - a scroll of identify
 p - 2 scrolls of noise
 x - a scroll of magic mapping
 A - 2 scrolls of enchant weapon
 D - 2 scrolls of amnesia {unknown}
 L - a scroll of teleportation {unknown}
Potions
 d - 2 potions of might
 g - 2 potions of heal wounds
 h - a potion of curing {unknown}
 B - a potion of flight {unknown}
 I - a potion of haste
 J - a potion of cancellation {unknown}


   Skills:
 + Level 4.8 Fighting
 + Level 8.4 Maces & Flails
 + Level 0.7 Throwing
 + Level 4.9 Dodging
 + Level 1.6 Stealth
 + Level 4.9 Shields


You had 8 spell levels left.
You didn't know any spells.
Your spell library contained the following spells:

 Spells                   Type           Power      Damage    Failure   Level
 Animate Skeleton         Necr           0%         N/A       98%         1
 Apportation              Tloc           0%         N/A       98%         1
 Shock                    Conj/Air       0%         1d3       98%         1
 Summon Small Mammal      Summ           0%         N/A       98%         1
 Sublimation of Blood     Necr           0%         N/A       99%         2
 Wereblood                Tmut           0%         N/A       99%         2
 Gell's Gravitas          Tloc           0%         N/A       100%        3
 Ignite Poison            Fire/Tmut/Pois 0%         N/A       100%        3
 Mephitic Cloud           Conj/Pois/Air  0%         N/A       100%        3
 Swiftness                Air            0%         N/A       100%        3
 Teleport Other           Tloc           0%         N/A       100%        3
 Airstrike                Air            0%         N/A       100%        4
 Flame Wave               Conj/Fire      0%         2d4       100%        4
 Fireball                 Conj/Fire      0%         3d3       100%        5
 Freezing Cloud           Conj/Ice/Air   0%         6-21      100%        5
 Lightning Bolt           Conj/Air       0%         1d11      100%        5
 Dispersal                Tloc           0%         N/A       100%        6
 Summon Hydra             Summ           0%         N/A       100%        7


Dungeon Overview and Level Annotations

Branches:
Dungeon (8/15)             Temple (1/1) D:4
   Lair: D:8-11

Altars:
Ashenzari
Dithmenos
Elyvilon
Fedhas
Gozag
Hepliaklqana
Kikubaaqudgha
Makhleb
Nemelex Xobeh
Okawaru
Qazlal
Ru
Trog
Uskayaw
Vehumet
Wu Jian
Xom
Yredelemnul
Zin

Shops:
D:6 :


Innate Abilities, Weirdness & Mutations

You are too large for most types of armour.
You have claws for hands.
Your natural rate of healing is unusually fast.
You are covered in fur. (AC +1)
You have tough skin. (AC +1)


Message History

The two-headed ogre is lightly wounded.
You hear a shout!
A gnoll comes into view. It is wielding a +0 flail.
You throw a stone. The gnoll shouts!
The stone hits the gnoll.
The gnoll is moderately wounded.
The gnoll barely misses you.
You throw a stone. The stone hits the gnoll.
The gnoll is moderately wounded.
A gnoll comes into view. It is wielding a +0 club.
The gnoll barely misses you.
You sock the gnoll!
The gnoll is severely wounded.
There is a stone staircase leading up here.
You throw a stone. The stone hits the two-headed ogre.
The two-headed ogre is lightly wounded.
You sock the two-headed ogre!
The two-headed ogre is moderately wounded.
The two-headed ogre hits you with a +0 giant club!
You block the two-headed ogre's attack.
You sock the two-headed ogre!
The two-headed ogre is heavily wounded.
The two-headed ogre barely misses you. You block the two-headed ogre's attack.
You barely miss the two-headed ogre.
The two-headed ogre is heavily wounded.
You block the gnoll sergeant's attack.
The two-headed ogre hits you with a +0 giant club!
You block the two-headed ogre's attack.
The gnoll sergeant hits you from afar with a +1 spear of venom!
You are poisoned.
You hit the two-headed ogre.
The two-headed ogre is heavily wounded.
You feel very sick.
The two-headed ogre hits you with a +0 giant club!!
* * * LOW HITPOINT WARNING * * *
The two-headed ogre hits you with a +0 giant club!
* * * LOW HITPOINT WARNING * * *
You block the gnoll sergeant's attack.
You die...

... .#########
#.#
.........#g##.##
.#######.#.#...##
#@# ..... #<# .g.
#O# #.# #g####g#
#gg..g.# ########


You could see a two-headed ogre, a gnoll sergeant and 2 gnolls.

Vanquished Creatures
  Pikel (Temple)
  Sigmund (D:2)
  2 water moccasins
  A black bear (D:4)
  An orc warrior (D:5)
  The ghost of Malificent the Cudgeller, an amateur PaCK of Xom (D:3)
  A necrophage (D:4)
  An ogre (D:5)
  A centaur (D:5)
  A bullfrog (D:7)
  A scorpion (D:6)
  A water moccasin skeleton (D:5)
  4 killer bees (D:7)
  3 wights (D:7)
  3 jellies
  2 bullfrog zombies
  A gnoll shaman (D:3)
  3 hounds
  2 centaur skeletons
  2 orc priests
  Crazy Yiuf (D:2)
  5 iguanas
  5 orc wizards
  2 scorpion zombies (D:5)
  Ijyb (D:3)
  3 gnolls (D:4)
  A howler monkey skeleton (D:5)
  9 adders
  A white imp (D:6)
  3 worms
  4 dart slugs
  16 orcs
  12 endoplasms
  2 giant cockroaches
  6 goblins
  5 hobgoblins
  7 jackals
  19 kobolds
  7 quokkas
  4 ball pythons
  7 bats
  4 frilled lizards
  A jackal skeleton (D:2)
  5 rats
163 creatures vanquished.

Vanquished Creatures (others)
  4 fungi (D:2)
  9 toadstools (D:2)
13 creatures vanquished.

Grand Total: 176 creatures vanquished

Notes
Turn   | Place    | Note
-------+----------+-------------------------------------------
     0 | D:1      | issech the Troll Fighter began the quest for the Orb.
     0 | D:1      | Reached XP level 1. HP: 22/22 MP: 0/0
   162 | D:1      | Reached XP level 2. HP: 29/29 MP: 1/1
   458 | D:1      | Reached skill level 2 in Maces & Flails
   551 | D:1      | Reached XP level 3. HP: 36/36 MP: 2/2
  1086 | D:2      | Noticed Sigmund
  1258 | D:2      | Killed Sigmund
  1259 | D:2      | Reached skill level 3 in Maces & Flails
  1259 | D:2      | Reached XP level 4. HP: 14/44 MP: 3/3
  1259 | D:2      | Reached XP level 5. HP: 17/52 MP: 4/4
  1809 | D:2      | Found a faded altar of an unknown god.
  2024 | D:2      | Reached skill level 4 in Maces & Flails
  2024 | D:2      | Reached XP level 6. HP: 50/61 MP: 5/5
  2189 | D:2      | Found a runed translucent door.
  2190 | D:2      | Noticed Crazy Yiuf
  2195 | D:2      | Killed Crazy Yiuf
  2420 | D:3      | Got Qebuge's Papyrus of Confrontation
  2526 | D:3      | Noticed Ijyb
  2534 | D:3      | Killed Ijyb
  2636 | D:3      | Found a broken altar of Ashenzari.
  2662 | D:3      | Found a stormy altar of Qazlal.
  2739 | D:3      | Reached skill level 5 in Maces & Flails
  2960 | D:3      | You fall into a shaft and drop 1 floor!
  2960 | D:4      | Noticed Pikel
  3013 | D:4      | Found a shimmering altar of Xom.
  3035 | D:4      | Found a staircase to the Ecumenical Temple.
  3044 | Temple   | Entered the Ecumenical Temple
  3072 | Temple   | Killed Pikel
  3073 | Temple   | Reached skill level 6 in Maces & Flails
  3073 | Temple   | Reached XP level 7. HP: 43/67 MP: 6/6
  3588 | D:4      | Reached XP level 8. HP: 62/76 MP: 7/7
  3778 | D:4      | Found a runed translucent gate.
  3778 | D:4      | Found a runed translucent gate.
  3778 | D:4      | Found an opulent altar of Gozag.
  3785 | D:4      | Found a runed translucent gate.
  3905 | D:4      | Reached skill level 1 in Stealth
  3990 | D:4      | Noticed Malificent's ghost (amateur PaCK)
  4405 | D:5      | Entered Level 5 of the Dungeon
  4576 | D:5      | Reached skill level 7 in Maces & Flails
  5330 | D:3      | Killed Malificent's ghost
  5347 | D:4      | Reached XP level 9. HP: 79/85 MP: 8/8
  5552 | D:6      | Found an ornate altar of the Wu Jian Council.
  5762 | D:6      | Found Nifedghi's Self-Improvement Boutique.
  5850 | D:6      | Reached skill level 8 in Maces & Flails
  6536 | D:7      | HP: 4/84 [killer bee (7)]
  7091 | D:8      | Noticed a two-headed ogre
  7108 | D:8      | HP: 1/87 [two-headed ogre/+0 giant club (15)]
  7109 | D:8      | Succumbed to a gnoll sergeant's poison

Illustrated notes

Levels and vault maps discovered:
D:1:      minmay_arrival_radiant_lines, layout_basic
D:2:      cheibrodos_fertilizer, layout_loops_ring,
          shapermc_ecumenical_altar_mp_ritualfount, st_stairs_9, uniq_sigmund,
          uniq_crazy_yiuf_cottage
D:3:      layout_basic, mainiacjoe_overflow_paths, mainiacjoe_overflow_catwalk,
          uniq_ijyb
D:4:      layout_gridville, general_overflow_altar,
          minmay_temple_entry_antechambers, ebering_ghost_gozag,
          minmay_misc_feat_nine_boxes, kennysheep_generic_room_15, uniq_pikel
D:5:      layout_loops_cross, nicolae_fountain_basement
D:6:      layout_basic, amcnicky_altar_gilded, nicolae_shop_self_help
D:7:      layout_basic
D:8:      layout_loops_ring, led_sif_pool, pf_just_have_faith,
          hangedman_incinerator
Temple:   regret_index_temple_waves

Skill      XL: |  1  2  3  4  5  6  7  8  9 |
---------------+----------------------------+-----
Maces & Flails | 2 3 4 6 7 8 |  8.4
Dodging        | 3 4 |  4.9
Shields        | 3 4 |  4.9
Fighting       | 3 4 |  4.8
Stealth        | 1 |  1.6
Throwing       | |  0.7

Action                   |  1- 3 |  4- 6 |  7- 9 || total
-------------------------+-------+-------+-------++-------
Melee: Flail             |   151 |   134 |   212 ||   497
Throw: Stone             |     1 |     7 |     7 ||    15
  Use: Scroll            |       |       |     4 ||     4
       Potion            |       |       |     2 ||     2
 Stab: Sleeping          |       |     1 |     3 ||     4
Armor: Robe              |    87 |    44 |    65 ||   196
Dodge: Dodged            |    94 |    48 |    92 ||   234
Block: Kite shield       |    86 |    45 |    61 ||   192
       Tower shield      |       |       |    55 ||    55
